 Dungeon Crawl Stone Soup version 0.30-a0-568-g124715a40b (webtiles) character file.

Game seed: 5100537278608080631

1610 billz999 the Slicer (level 9, -2/55 HPs)
             Began as a Djinni Ice Elementalist on Dec 29, 2022.
             Was a Follower of Makhleb.
             Slain by Grinder (7 damage)
             ... on level 6 of the Dungeon.
             The game lasted 00:14:38 (5477 turns).

billz999 the Slicer (Djinni Ice Elementalist)       Turns: 5477, Time: 00:14:39

Health: -2/55      AC:  7    Str: 10    XL:     9   Next: 16%
Gold:   278        EV: 12    Int: 19    God:    Makhleb [*.....] SH:  0 Dex: 17

rFire   + + +      SeeInvis .    l - +5 rapier "Caecrirgh" {spect, rCorr}
rCold   x . .      Faith    .    (no shield)
rNeg    . . .      Spirit   .    f - +3 leather armour
rPois   ∞          Reflect  .    v - +0 helmet
rElec   .          Harm     .    (no cloak)
rCorr   +          Rampage  .    (no gloves)
Will    .....                    (boots unavailable)
Stlth   ++                       u - amulet of the acrobat
HPRegen 0.00/turn                o - ring of protection from fire
MPRegen 0.00/turn                A - ring of wizardry

@: freezing walls, flying, inhibited regen
A: sickness immunity, fire resistance 2, cold vulnerability 1, float, innate
caster, HP casting, extra vitality 1, agile 1, inhibited regeneration, strong 1,
MP-powered wands
a: Renounce Religion


You were on level 6 of the Dungeon.
You worshipped Makhleb.
Makhleb was aware of your devotion.
You visited 1 branch of the dungeon, and saw 6 of its levels.

You collected 278 gold pieces.

Inventory:

Hand Weapons
 e - a +1 dagger of draining
 l - the +5 rapier "Caecrirgh" (weapon) {spect, rCorr}
   (You found it on level 2 of the Dungeon)

   When its wielder attacks, the weapon's spirit leaps out and strikes again.
   The spirit shares a part of any damage it takes with its wielder.
   rCorr:     It protects you from acid and corrosion.
Armour
 a - a +0 robe
 f - a +3 leather armour (worn)
 v - a +0 helmet (worn)
Magical Staves
 k - a staff of death
Jewellery
 o - a ring of protection from fire (left hand)
 u - an amulet of the acrobat (around neck)
 y - a ring of protection from fire
 A - a ring of wizardry (right hand)
Wands
 n - a wand of polymorph (9)
Scrolls
 j - a scroll of amnesia {unknown}
 m - a scroll of blinking
 p - a scroll of identify {unknown}
 q - 2 scrolls of fear
 r - a scroll of magic mapping {unknown}
 z - a scroll of brand weapon {unknown}
 B - a scroll of poison {unknown}
 C - 2 scrolls of immolation {unknown}
 D - a scroll of noise {unknown}
 E - a scroll of teleportation {unknown}
Potions
 b - 2 potions of magic
 c - a potion of degeneration {unknown}
 d - a potion of lignification {unknown}
 g - a potion of curing
 h - a potion of ambrosia {unknown}
 i - 2 potions of mutation
 s - a potion of haste {unknown}
 t - a potion of flight {unknown}
 w - a potion of cancellation {unknown}
 x - 3 potions of heal wounds {unknown}


   Skills:
 + Level 9.5 Short Blades
 - Level 2.1 Dodging
 - Level 1.5 Stealth
 - Level 4.2 Spellcasting


You couldn't memorise any spells.
You knew the following spells:

 Your Spells              Type           Power      Damage    Failure   Level
a - Freeze                Ice            80%        1d9       1%          1
b - Frozen Ramparts       Ice            40%        1d7       4%          3
c - Ozocubu's Armour      Ice            20%        N/A       4%          3
d - Summon Ice Beast      Ice/Summ       20%        N/A       13%         4
e - Slow                  Hex            80%        N/A       1%          1
f - Searing Ray           Conj           40%        2d5       1%          2
g - Kindle Blastsparks    Fire/Tloc/Air  40%        2d13      4%          3
h - Airstrike             Air            10%        2d(2-18)  13%         4
Your spell library was empty.

Dungeon Overview and Level Annotations

Branches:
Dungeon (6/15)             Temple (0/1) D:5

Altars:
Dithmenos
Makhleb
Nemelex Xobeh
Qazlal
Uskayaw

Annotations:
D:6 Grinder, Pikel


Innate Abilities, Weirdness & Mutations

You are immune to sickness and miasma.
You are immune to poison.
Your flesh is very heat resistant. (rF++)
You are vulnerable to cold. (rC-)
You float through the air rather than walking.
You learn spells naturally, not from books.
Your magical power is your life essence.
You have superior vitality. (+4 MHP)
You are agile. (Dex +4, Str/Int -1)
You do not regenerate when monsters are visible.
Your muscles are strong. (Str +4, Int/Dex -1)
You expend health (3 HP) to strengthen your wands.


Message History

The searing ray misses Grinder. (Press . to maintain the ray.) Grinder completely resists.
The wall freezes Grinder but does no damage.
Casting: Searing Ray (safe; 1% risk of failure)
Confirm with . or Enter, or press ? or * to list all spells.
Restarting spell: Searing Ray (safe; 1% risk of failure)
Press: ? - help, Shift-Dir - straight line, f/p - Grinder
Aim: Grinder (ally target, 75% to hit)
The searing ray hits Grinder.
Grinder is lightly wounded. (Press . to maintain the ray.) Grinder completely resists.
The wall freezes Grinder but does no damage.
You are too injured to fight recklessly!
Unknown command.
You hit Grinder.
Grinder is lightly wounded.
Your +5 rapier "Caecrirgh" {spect, rCorr} hits Grinder!
Grinder completely resists.
The wall freezes Grinder but does no damage.
Grinder gestures at you.
You suddenly lose the ability to move!
Your ice beast disappears in a puff of smoke!
Grinder completely resists.
The wall freezes Grinder but does no damage.
Grinder hits you!
You writhe in agony.
* * * LOW HITPOINT WARNING * * *
Grinder resists.
The wall freezes Grinder.
Grinder hits you!
* * * LOW HITPOINT WARNING * * *
Grinder resists.
The wall freezes Grinder.
Grinder hits you.
* * * LOW HITPOINT WARNING * * *
You can move again.
It was a potion of mutation.
You feel extremely strange.
You feel stronger.
You feel agile.
Your regeneration stops near monsters.
You feel your magical essence link to the dungeon's wands.
Grinder completely resists.
The wall freezes Grinder but does no damage.
Grinder hits you!
You die...

. #.S....# .
#......# #
#..5...##
#.5......
#......##.
#..K...##†###
#......##.5.#
#<5....#
#@###
#.5....#
#...## .
########
###..## .
##..## .
##..# .
##.########
#........#
########.###
#...##


You could see Grinder.

Vanquished Creatures
  Prince Ribbit (D:6)
  2 ice beasts (D:5)
  A lemure (D:5)
  A phantom (D:4)
  2 necrophages (D:5)
  2 wights
  2 orc priests (D:3)
  4 hounds
  7 iguanas
  2 jellies (D:5)
  Jessica (D:2)
  Terence (D:2)
  3 orc wizards (D:4)
  Robin (D:2)
  8 adders
  3 gnolls (D:4)
  2 worms (D:2)
  2 dart slugs (D:2)
  16 orcs
  5 ball pythons
  2 bats
  8 endoplasms
  A giant cockroach (D:4)
  12 goblins
  10 hobgoblins
  2 jackals (D:3)
  A quokka (D:1)
  4 frilled lizards
  3 kobolds
  5 rats (D:3)
114 creatures vanquished.

Vanquished Creatures (collateral kills)
  An ogre (D:5)
  A scorpion (D:6)
  A wight (D:6)
3 creatures vanquished.

Grand Total: 117 creatures vanquished

Notes
Turn   | Place    | Note
-------+----------+-------------------------------------------
     0 | D:1      | billz999 the Djinni Ice Elementalist began the quest for
                  | the Orb.
     0 | D:1      | billz999 set off with the following spells memorised:
                  | Freeze, Frozen Ramparts, Ozocubu's Armour, Summon Ice
                  | Beast.
     0 | D:1      | Reached XP level 1. HP: 15/15 MP: 0/0
   184 | D:1      | Reached XP level 2. HP: 17/21 MP: 0/0
  1147 | D:2      | Reached XP level 3. HP: 23/25 MP: 0/0
  1147 | D:2      | Learned a level 1 spell: Slow
  1350 | D:2      | Identified the +5 rapier "Caecrirgh" {spect, rCorr}
  1396 | D:2      | Noticed Terence
  1404 | D:2      | Noticed Robin
  1406 | D:2      | Killed Terence
  1407 | D:2      | Reached skill level 1 in Short Blades
  1407 | D:2      | Reached XP level 4. HP: 14/31 MP: 0/0
  1412 | D:2      | Killed Robin
  1420 | D:2      | Reached skill level 2 in Short Blades
  1427 | D:2      | Reached XP level 5. HP: 15/35 MP: 0/0
  1427 | D:2      | Learned a level 2 spell: Searing Ray
  1517 | D:2      | Noticed Jessica
  1734 | D:2      | Killed Jessica
  2219 | D:3      | Reached skill level 3 in Short Blades
  2221 | D:3      | Reached XP level 6. HP: 8/40 MP: 0/0
  2445 | D:3      | Found a shadowy altar of Dithmenos.
  2450 | D:3      | Found a sparkling altar of Nemelex Xobeh.
  2873 | D:3      | You are sucked into a shaft and drop 1 floor!
  2886 | D:4      | Found a hide-covered altar of Uskayaw.
  2889 | D:4      | Noticed a +0 hand axe
  2889 | D:4      | Noticed a +0 hand axe
  2895 | D:4      | Found a burning altar of Makhleb.
  2902 | D:4      | Reached skill level 4 in Short Blades
  2917 | D:4      | Became a worshipper of Makhleb the Destroyer
  3164 | D:4      | Reached skill level 5 in Short Blades
  3164 | D:4      | Reached XP level 7. HP: 28/45 MP: 0/0
  3164 | D:4      | Learned a level 3 spell: Kindle Blastsparks
  3172 | D:4      | Reached * piety under Makhleb
  3516 | D:5      | Entered Level 5 of the Dungeon
  3543 | D:5      | Reached skill level 6 in Short Blades
  3679 | D:5      | Reached XP level 8. HP: 19/50 MP: 0/0
  3884 | D:5      | Reached skill level 7 in Short Blades
  4095 | D:5      | Found a staircase to the Ecumenical Temple.
  4128 | D:5      | Reached skill level 8 in Short Blades
  4318 | D:5      | Noticed an air elemental
  4320 | D:5      | Found a stormy altar of Qazlal.
  4322 | D:5      | Noticed a water elemental
  4322 | D:5      | Noticed a fire elemental
  5156 | D:6      | Noticed Grinder
  5156 | D:6      | Noticed Pikel
  5157 | D:6      | Noticed Prince Ribbit
  5227 | D:6      | Reached skill level 9 in Short Blades
  5227 | D:6      | Reached XP level 9. HP: 25/55 MP: 0/0
  5227 | D:6      | Learned a level 4 spell: Airstrike
  5428 | D:6      | Killed Prince Ribbit
  5473 | D:6      | Paralysed by Grinder for 3 turns
  5477 | D:6      | Gained mutation: Your muscles are strong. (Str +4, Int/Dex
                  | -1) [potion of mutation]
  5477 | D:6      | Gained mutation: You are agile. (Dex +4, Str/Int -1)
                  | [potion of mutation]
  5477 | D:6      | Gained mutation: You do not regenerate when monsters are
                  | visible. [potion of mutation]
  5477 | D:6      | Gained mutation: You expend health (3 HP) to strengthen
                  | your wands. [potion of mutation]
  5477 | D:6      | Slain by Grinder

Illustrated notes

Levels and vault maps discovered:
D:1:      ncdulo_watergridlock, layout_basic
D:2:      kennysheep_big_flooded_room, layout_rooms, uniq_robin, uniq_jessica,
          uniq_terence
D:3:      layout_basic, mainiacjoe_overflow_catwalk_spiral
D:4:      layout_cave_pools, dancing_weapons_uskayaw, makhleb_heckhound_becter,
          minmay_misc_feat_ornament, kennysheep_decorative_pillar
D:5:      layout_basic, nicolae_qazlal_style_of_elements,
          minmay_temple_entry_overgrown
D:6:      lemuel_ice_spiral_2, layout_rooms, minmay_holes,
          nicolae_figureground_pulse, uniq_prince_ribbit1, uniq_grinder,
          uniq_maggie, uniq_eustachio, uniq_pikel

Skill      XL: |  1  2  3  4  5  6  7  8 |
---------------+-------------------------+-----
Spellcasting   | 4 |  4.2
Short Blades   | 1 2 3 5 6 9 |  9.5
Dodging        | |  2.1
Stealth        | |  1.5

Action                   |  1- 3 |  4- 6 |  7- 9 || total
-------------------------+-------+-------+-------++-------
Melee: Dagger            |     4 |       |       ||     4
       Rapier            |     2 |    54 |    64 ||   120
       Punch             |       |     1 |       ||     1
 Cast: Freeze            |    40 |       |       ||    40
       Frozen Ramparts   |     4 |    14 |    12 ||    30
       Slow              |     1 |     3 |    11 ||    15
       Searing Ray       |       |     9 |    28 ||    37
       Summon Ice Beast  |       |       |     6 ||     6
       Kindle Blastspark |       |       |     7 ||     7
       Ozocubu's Armour  |       |       |     3 ||     3
  Use: Scroll            |     1 |     1 |       ||     2
       Potion            |       |       |     2 ||     2
 Stab: Sleeping          |       |       |     1 ||     1
Armor: Robe              |     3 |       |       ||     3
       Leather armour    |     5 |    12 |    12 ||    29
Dodge: Dodged            |    10 |    13 |    30 ||    53

Table legend: (Time is in decaauts)
 A = Elapsed time spent in this place.
 B = Non-inter-level travel time spent in this place.
 C = Inter-level travel time spent in this place.
 D = Time resting spent in this place.
 E = Time spent auto-exploring this place.
 F = Levels seen in this place.
 G = Mean time per level.
                   A        B        C        D        E       F      G
               +--------+--------+--------+--------+--------+-----+--------+
         Total |   5458 |   5152 |    306 |    585 |   3746 |   6 |  909.7 |
       Dungeon |   5458 |   5152 |    306 |    585 |   3746 |   6 |  909.7 |
               +--------+--------+--------+--------+--------+-----+--------+

Top non-repeatable levels by time:
     D:5: 1661 daAuts
     D:1: 1089 daAuts
     D:2: 928 daAuts
     D:3: 846 daAuts
     D:4: 641 daAuts
     D:6: 291 daAuts
